 Dungeon Crawl Stone Soup version 0.30-a0-1123-gabc949cf19 (webtiles) character file.

Game seed: 6935081912804424583

181 themarg the Shooter (level 5, -3/41 HPs)
             Began as a Merfolk Hunter on Apr 22, 2023.
             Slain by a black bear (6 damage)
             ... on level 4 of the Dungeon.
             The game lasted 00:07:03 (2542 turns).

themarg the Shooter (Merfolk Hunter)                Turns: 2542, Time: 00:07:04

Health: -3/41      AC:  3    Str: 13    XL:     5   Next: 61%
Magic:  5/5        EV: 12    Int:  8    God:
Gold:   186        SH:  0    Dex: 18    Spells: 4/4 levels left

rFire   . . .        a - +0 shortbow
rCold   . . .        (shield currently unavailable)
rNeg    . . .        c - +0 leather armour
rPois   .            (no helmet)
rElec   .            (no cloak)
rCorr   .            (no gloves)
SInv    .            (no boots)
Will    .....        (no amulet)
Stlth   ++           (no ring)
HPRegen 0.26/turn    (no ring)
MPRegen 0.09/turn

%: no passive effects
@: no status effects
A: (nimble swimmer 2), mertail
a: no special abilities


You were on level 4 of the Dungeon.
You visited 1 branch of the dungeon, and saw 4 of its levels.

You collected 186 gold pieces.

Inventory:

Hand Weapons
 a - a +0 shortbow (weapon)
Missiles
 k - 38 stones
 n - 5 boomerangs
Armour
 c - a +0 leather armour (worn)
Jewellery
 o - an amulet of the acrobat
Scrolls
 b - 3 scrolls of immolation
 d - 6 scrolls of teleportation
 g - a scroll of torment {unknown}
 m - a scroll of fear {unknown}
 r - a scroll of amnesia {unknown}
 v - a scroll of brand weapon {unknown}
Potions
 e - 4 potions of curing
 h - 3 potions of berserk rage
 i - 4 potions of attraction
 j - a potion of lignification {unknown}
 l - a potion of brilliance {unknown}
 p - a potion of resistance {unknown}
 q - a potion of flight {unknown}
 s - a potion of invisibility {unknown}
 u - 2 potions of magic {unknown}


   Skills:
 + Level 3.6 Fighting
 * Level 4.6 Ranged Weapons
 - Level 2.6 Dodging
 - Level 3.0 Stealth


You had 4 spell levels left.
You didn't know any spells.
Your spell library contained the following spells:

 Spells                   Type           Power      Damage    Failure   Level
 Necrotise                Necr           0%         1d4       50%         1
 Sublimation of Blood     Necr           0%         N/A       63%         2
 Wereblood                Tmut           0%         N/A       63%         2
 Vampiric Draining        Necr           0%         2d6       86%         3
 Agony                    Necr           0%         N/A       100%        5
 Summon Hydra             Summ           0%         N/A       100%        7


Dungeon Overview and Level Annotations

Branches:
Dungeon (4/15)
 Temple: D:4-7

Altars:

Annotations:
D:3 Natasha


Innate Abilities, Weirdness & Mutations

((You are very nimble when in or above water. (Stealth+, EV+, Speed+++)))
Your lower body shifts to a powerful aquatic tail in water.


Message History

The black bear claws you but does no damage. x2
Throw: 2 darts (poison)
Press: ? - help, Q - select action, (/) - cycle Shift-Dir - straight line, f/p - black bear
Aim: a black bear (moderately wounded, very poisoned, 69% to hit)
You throw a poisoned dart. The poisoned dart hits the black bear.
The black bear looks even sicker.
The black bear is moderately wounded.
The black bear closely misses you. The black bear claws you. x2
Throw: dart (poison)
Press: ? - help, Q - select action, (/) - cycle Shift-Dir - straight line, f/p - black bear
Aim: a black bear (heavily wounded, very poisoned, 69% to hit)
You throw a poisoned dart. The poisoned dart hits the black bear.
The black bear looks as sick as possible!
The black bear is heavily wounded.
The black bear closely misses you. The black bear claws you. x2
Fire: a) +0 shortbow
Press: ? - help, Q - select action, (/) - cycle Shift-Dir - straight line, f/p - black bear
Aim: a black bear (severely wounded, extremely poisoned, 71% to hit)
You shoot an arrow. The arrow barely misses the black bear.
The black bear goes berserk!
Fire: a) +0 shortbow
Press: ? - help, Q - select action, (/) - cycle Shift-Dir - straight line, f/p - black bear
Aim: a black bear (severely wounded, berserk, extremely poisoned, 71% to hit)
You shoot an arrow. The arrow hits the black bear.
The black bear is severely wounded.
The black bear bites you! The black bear closely misses you.
The black bear claws you. The black bear bites you!
* * * LOW HITPOINT WARNING * * *
The black bear barely misses you. The black bear misses you.
The black bear barely misses you. The black bear claws you.
* * * LOW HITPOINT WARNING * * *
The black bear barely misses you.
Fire: a) +0 shortbow
Press: ? - help, Q - select action, (/) - cycle Shift-Dir - straight line, f/p - black bear
Aim: a black bear (almost dead, berserk, very poisoned, 71% to hit)
You shoot an arrow.
The arrow hits the black bear but does no damage.
The black bear is almost dead.
The black bear bites you.
You die...

............# #........##.#
#######.###.###.#########.#
#.....###.....# #.#
#.###..†.†###.# #.# ####.#
#.....# #.# #.#
....<##.##.##.##.# #.#
###..#.# #.# #.#.#
....#.....###.#.########
###.........(((h@........
####...≈≈.≈≈###########
#.#.≈#+#≈ #.#.. .. # #.≈ ##
..≈


You could see a black bear (berserk, very poisoned).

Vanquished Creatures
  An orc priest (D:3)
  Natasha (D:3)
  6 adders
  2 dart slugs
  4 orcs
  2 ball pythons (D:1)
  6 endoplasms
  3 giant cockroaches
  3 goblins
  5 hobgoblins
  5 jackals
  7 kobolds
  2 quokkas (D:3)
  5 bats
  4 frilled lizards
  8 rats
64 creatures vanquished.

Notes
Turn   | Place    | Note
-------+----------+-------------------------------------------
     0 | D:1      | themarg the Merfolk Hunter began the quest for the Orb.
     0 | D:1      | Reached XP level 1. HP: 16/16 MP: 1/1
   287 | D:1      | Reached XP level 2. HP: 23/23 MP: 2/2
   671 | D:2      | Reached XP level 3. HP: 28/28 MP: 3/3
  1363 | D:3      | Reached skill level 4 in Ranged Weapons
  1363 | D:3      | Reached XP level 4. HP: 35/35 MP: 4/4
  1370 | D:3      | Noticed Natasha
  1795 | D:3      | Killed Natasha
  1796 | D:3      | Reached XP level 5. HP: 41/41 MP: 5/5
  1802 | D:3      | Noticed Natasha
  2052 | D:3      | Found a faded altar of an unknown god.
  2423 | D:4      | Noticed a black bear
  2542 | D:4      | Slain by a black bear

Illustrated notes

Levels and vault maps discovered:
D:1:      dpeg_arrival_chambers_temple_mockup, layout_basic
D:2:      layout_loops_ring
D:3:      layout_rooms, ebering_ecumenical_altar_sacrificial, uniq_natasha
D:4:      layout_loops_ring, kennysheep_mini_moat, kennysheep_little_box,
          nicolae_overflow_hidden_temple

Skill      XL: |  1  2  3  4  5 |
---------------+----------------+-----
Stealth        | 2 3 |  3.0
Fighting       | 3 |  3.6
Ranged Weapons | 4 |  4.6
Dodging        | |  2.6

Action                     |  1- 3 |  4- 6 || total
---------------------------+-------+-------++-------
   Fire: Shortbow          |    67 |   115 ||   182
  Throw: Dart              |       |     6 ||     6
    Use: Scroll            |       |     4 ||     4
 Armour: Leather armour    |     4 |    23 ||    27
  Dodge: Dodged            |     7 |    55 ||    62

Table legend: (Time is in decaauts)
 A = Elapsed time spent in this place.
 B = Non-inter-level travel time spent in this place.
 C = Inter-level travel time spent in this place.
 D = Time resting spent in this place.
 E = Time spent auto-exploring this place.
 F = Levels seen in this place.
 G = Mean time per level.
                   A        B        C        D        E       F      G
               +--------+--------+--------+--------+--------+-----+--------+
         Total |   2609 |   2371 |    238 |    174 |   1748 |   4 |  652.2 |
       Dungeon |   2609 |   2371 |    238 |    174 |   1748 |   4 |  652.2 |
               +--------+--------+--------+--------+--------+-----+--------+

Top non-repeatable levels by time:
     D:2: 1085 daAuts
     D:3: 784 daAuts
     D:1: 629 daAuts
     D:4: 110 daAuts
